 Dungeon Crawl Stone Soup version 0.17-a0-737-gf0a300a (webtiles) character file.

78 Ngotmuk the Covered (level 4, -1/40 HPs)
             Began as a Deep Dwarf Fighter on Apr 25, 2015.
             Slain by Noshyer's ghost (7 damage)
             ... on level 3 of the Dungeon.
             The game lasted 00:02:47 (1435 turns).

Ngotmuk the Covered (Deep Dwarf Fighter)            Turns: 1435, Time: 00:02:48

Health: -1/40      AC:  7    Str: 21    XL:     4   Next: 15%
Magic:  5/5        EV:  9    Int:  8    God:
Gold:   127        SH:  0    Dex: 12    Spells: 0 memorised, 3 levels left

rFire  . . .     SeeInvis .     a - +0 war axe
rCold  . . .     Clarity  .     b - +0 scale mail
rNeg   . . .     SustAb   .     (no shield)
rPois  .         Gourm    .     (no helmet)
rElec  .         Spirit   .     (no cloak)
rCorr  +         Warding  .     (no gloves)
rMut   .         Stasis   .     (no boots)
MR     .....                    j - amulet of resist corrosion
Stlth  ..........               (no ring)
                                (no ring)

@: non-regenerating, not resistant to hostile enchantments, extremely unstealthy
A: damage resistance, recharge devices, sense surroundings 1, slow healing 3
a: Device Recharging


You were on level 3 of the Dungeon.
You were not hungry.

You visited 1 branch of the dungeon, and saw 3 of its levels.

You collected 127 gold pieces.

Inventory:

Hand weapons
 a - a +0 war axe (weapon)
Armour
 b - a +0 scale mail (worn)
Jewellery
 j - an amulet of resist corrosion (around neck)
Magical devices
 e - a wand of heal wounds (4)
Scrolls
 c - a scroll of amnesia {unknown}
 h - 3 scrolls of enchant weapon {unknown}
 i - a scroll of remove curse {unknown}
 k - a scroll of identify {unknown}
Potions
 d - a potion of might
 g - 2 potions of mutation {unknown}
 m - a potion of haste {unknown}
Comestibles
 f - 3 bread rations
 l - a meat ration


   Skills:
 + Level 2.9 Fighting
 + Level 3.0 Axes
 + Level 4.1 Armour
 + Level 1.0 Stealth
   Level 3.4 Shields
 + Level 2.3 Evocations


You had 3 spell levels left.
You didn't know any spells.

Dungeon Overview and Level Annotations

Branches:
Dungeon (3/15)

Altars:
Cheibriados
Gozag
The Shining One

Annotations:
D:3 Noshyer's ghost, average DDBe


Innate Abilities, Weirdness & Mutations

You are resistant to damage.
You can recharge devices by infusing magical energy.
You passively map a small area around you.
You do not heal naturally.


Message History

Noshyer's ghost (average Deep Dwarf Berserker) comes into view.
Noshyer's ghost turns its malevolent gaze towards you.
You slash Noshyer's ghost!
Noshyer's ghost is moderately damaged.
Noshyer's ghost barely misses you.
You hit Noshyer's ghost.
Noshyer's ghost is moderately damaged.
Noshyer's ghost hits you.
You slash Noshyer's ghost!
Noshyer's ghost is heavily damaged.
Noshyer's ghost hits you! x2
* * * LOW HITPOINT WARNING * * *
You hit Noshyer's ghost but do no damage.
Noshyer's ghost is heavily damaged.
Noshyer's ghost hits you.
* * * LOW HITPOINT WARNING * * *
You slash Noshyer's ghost!
Noshyer's ghost is severely damaged.
Noshyer's ghost hits you!
You die...

*.......####..#.........#.#
,#.......####..#...##.#..#.#
.....#.......#...##.#..#.#
##.#.#####...#...##.#..#.#
#..)..#......#......#..#.# *
####..#..#.##.#.##..##.#..#.##
.........†.......#............
####..#..#.......##....#..#.##
#..#..#..W@................
#..#..#.####.............##
#..#..#.####.##############
#######.....#....................
............######.##############
.#######.##.# #.# * * #.##.# #.#
,#.#########.# ,
###..#...........#


You could see Noshyer's ghost.

Vanquished Creatures
  4 adders
  A worm (D:2)
  4 giant geckos
  4 bats
  3 giant cockroaches
  3 hobgoblins
  A giant newt (D:1)
  5 goblins
  9 kobolds
  3 rats
37 creatures vanquished.

Notes
Turn   | Place    | Note
--------------------------------------------------------------
     0 | D:1      | Ngotmuk, the Deep Dwarf Fighter, began the quest for the Orb.
     0 | D:1      | Reached XP level 1. HP: 20/20 MP: 1/1
   173 | D:1      | Reached XP level 2. HP: 25/27 MP: 2/2
   294 | D:1      | Reached skill level 1 in Evocations
   827 | D:2      | HP: 1/27 [worm (1)]
  1008 | D:2      | Reached XP level 3. HP: 31/33 MP: 4/4
  1022 | D:2      | Found an opulent altar of Gozag.
  1022 | D:2      | Found a snail-covered altar of Cheibriados.
  1060 | D:2      | Found a glowing golden altar of the Shining One.
  1145 | D:2      | Reached skill level 4 in Armour
  1145 | D:2      | Reached skill level 1 in Stealth
  1371 | D:3      | Reached XP level 4. HP: 18/40 MP: 5/5
  1428 | D:3      | Noticed Noshyer's ghost (average DDBe)
  1435 | D:3      | Slain by Noshyer's ghost

Action                   |  1- 3 |  4- 6 || total
-------------------------+-------+-------++-------
Melee: War axe           |   116 |     6 ||   122
Evoke: Wand              |     1 |       ||     1
  Eat: Bread ration      |     1 |       ||     1
